cohdb
Replays
Latest Replays
All Replays
Popular Replays
Top Player Replays
Match Explorer
How It Works
Community
CoH3 Stats
Reddit
Sign in to upload your games and track your stats! →
Sign in with Steam
Match 41758761
Unlisted
Match 41758761
Overview
Messages
Build Orders
End
Construct Infanterie Kompanie
Kettenkrad Recon Vehicle
MG 42 Machine Gun Team
Grenadier Squad
GrW 34 Mortar Team
Construct Panzergrenadier Kompanie
251 Medium Carrier
Panzergrenadier Squad
Pak 40 Anti-tank Gun Team
Construct Panzer Kompanie
Stoßtruppen Squad
Panzer IV Medium Tank
Selects Luftwaffe Battlegroup
Selects Stuka Strafing Run
Selects Fallschirmjäger Squad Paradrop
Selects Fragmentation Bombs
Fragmentation Bombs
Stuka Strafing Run
Pioneer Squad
Selects Luftwaffe Pioneer Support
Selects Flak 38 Anti-Air Emplacement
Stuka Strafing Run
Fragmentation Bombs
Panzer IV Medium Tank
Side Skirts
Pioneer Squad
Pioneer Squad
Stuka Strafing Run
Panzer IV Medium Tank
Selects Infantry Reserves
251 Medium Carrier
Fragmentation Bombs
Panzer IV Medium Tank
Stuka Strafing Run
wila
cobra delta
LittleFatty233
YouZAE
Master Bass Sean!
라이스샤워
JMayhem
Lee Jae-myung
0
0
Comments
sign in to comment!
No comments posted yet!